| TOP OF THE 1ST |
|
Harrisburg Senators batting - Pitching for Columbia Fireflies : RHP Jason Vulich
|
|
Pitching: RHP Jason Vulich
|
|
|
Batting: SHB Dan Castaneda
|
0-0: Ball 1-0: Swinging Strike 1-1: Swinging Strike 1-2: Ground out 4-3 (Groundball, 4, EV 90.6 MPH)
|
|
Batting: RHB Pat Drader
|
0-0: Foul Ball, location: 2F 0-1: Ball 1-1: Ground out 4-3 (Groundball, 4, EV 102.5 MPH)
|
|
Batting: RHB Hisayuki Akiyama
|
0-0: Ball 1-0: Swinging Strike 1-1: Called Strike 1-2: Ball 2-2: Foul Ball, location: 2F 2-2: Ground out 5-3 (Groundball, 56S, EV 81.2 MPH)
|
| Top of the 1st over - 0 runs, 0 hits, 0 errors, 0 left on base; Harrisburg 0 - Columbia 0 |
| BOTTOM OF THE 1ST |
|
Columbia Fireflies batting - Pitching for Harrisburg Senators : RHP Cory Jones
|
|
Pitching: RHP Cory Jones
|
|
|
Batting: RHB Zhao-ying Joe
|
0-0: Ball 1-0: Ball 2-0: Called Strike 2-1: Ball 3-1: Foul Ball, location: 2F 3-2: Foul Ball, location: 2F 3-2: Base on Balls
|
|
Batting: SHB Callum Lynch
|
0-0: Called Strike Zhao-ying Joe steals 2nd base 0-1: Called Strike 0-2: Ball 1-2: Fly out, F8 (Flyball, 8LD, EV 93.1 MPH)
|
|
Batting: LHB Bayesa Mundhir
|
0-0: Called Strike 0-1: Foul Ball, location: 2F 0-2: Strikes out swinging
|
|
Batting: SHB Justin Wallace
|
0-0: Called Strike 0-1: Ball 1-1: Ball 2-1: Foul Ball, location: 2F 2-2: Foul Ball, location: 2F 2-2: Strikes out swinging
|
| Bottom of the 1st over - 0 runs, 0 hits, 0 errors, 1 left on base; Harrisburg 0 - Columbia 0 |
| TOP OF THE 2ND |
|
Harrisburg Senators batting - Pitching for Columbia Fireflies : RHP Jason Vulich
|
|
Batting: RHB Ben Welt
|
0-0: Swinging Strike 0-1: Swinging Strike 0-2: Ball 1-2: Fly out, F9 (Flyball, 9D, EV 101.9 MPH)
|
|
Batting: RHB Slavik Nebrodov
|
0-0: Ground out U3 (Groundball, 3, EV 91.9 MPH)
|
|
Batting: RHB Donovan Auclair
|
0-0: Called Strike 0-1: Ball 1-1: Foul Ball, location: 2F 1-2: SINGLE (Groundball, 6MD, EV 95.0 MPH)
|
|
Batting: LHB Nate Melendez
|
0-0: Ball 1-0: Called Strike 1-1: Swinging Strike 1-2: Foul Ball, location: 2F 1-2: Ball 2-2: Ball 3-2: SINGLE (Groundball, 3S, EV 70.0 MPH) (infield hit) Donovan Auclair to second
|
|
Batting: RHB John McNeill
|
0-0: Ball 1-0: Ball 2-0: Called Strike 2-1: Foul Ball, location: 2F 2-2: Fly out, F8 (Line Drive, 8RD, EV 91.9 MPH)
|
| Top of the 2nd over - 0 runs, 2 hits, 0 errors, 2 left on base; Harrisburg 0 - Columbia 0 |
| BOTTOM OF THE 2ND |
|
Columbia Fireflies batting - Pitching for Harrisburg Senators : RHP Cory Jones
|
|
Batting: LHB Tony Leyba
|
0-0: Fly out, F8 (Flyball, 78XD, EV 101.2 MPH)
|
|
Batting: RHB Artyom Shavkunov
|
0-0: Foul Ball, location: 2F 0-1: Called Strike 0-2: Strikes out looking
|
|
Batting: RHB Jake Geib
|
0-0: Ball 1-0: Fly out, F8 (Flyball, 8LD, EV 92.5 MPH)
|
| Bottom of the 2nd over - 0 runs, 0 hits, 0 errors, 0 left on base; Harrisburg 0 - Columbia 0 |
| TOP OF THE 3RD |
|
Harrisburg Senators batting - Pitching for Columbia Fireflies : RHP Jason Vulich
|
|
Batting: RHB Josh Lykins
|
0-0: Ball 1-0: Ground out 6-3 (Groundball, 6, EV 86.2 MPH)
|
|
Batting: SHB Dan Castaneda
|
0-0: Swinging Strike 0-1: Called Strike 0-2: Ball 1-2: Strikes out swinging
|
|
Batting: RHB Pat Drader
|
0-0: Fly out, F7 (Flyball, 7, EV 94.4 MPH)
|
| Top of the 3rd over - 0 runs, 0 hits, 0 errors, 0 left on base; Harrisburg 0 - Columbia 0 |
| BOTTOM OF THE 3RD |
|
Columbia Fireflies batting - Pitching for Harrisburg Senators : RHP Cory Jones
|
|
Batting: RHB Dan Muse
|
0-0: Called Strike 0-1: Ball 1-1: Foul Ball, location: 2F 1-2: Foul Ball, location: 2F 1-2: SINGLE (Line Drive, 78M, EV 93.8 MPH)
|
|
Batting: RHB Frank Shaw
|
0-0: Ball 1-0: Called Strike 1-1: Fly out, F9 (Flyball, 9S, EV 84.4 MPH)
|
|
Batting: RHB Zhao-ying Joe
|
0-0: Ball 1-0: Called Strike Dan Muse is caught stealing 2nd base 2-4 1-1: Called Strike 1-2: Ball 2-2: Ground out 4-3 (Groundball, 4, EV 104.4 MPH)
|
| Bottom of the 3rd over - 0 runs, 1 hit, 0 errors, 0 left on base; Harrisburg 0 - Columbia 0 |
| TOP OF THE 4TH |
|
Harrisburg Senators batting - Pitching for Columbia Fireflies : RHP Jason Vulich
|
|
Batting: RHB Hisayuki Akiyama
|
0-0: Ball 1-0: Ball 2-0: Called Strike 2-1: Ground out 5-3 (Groundball, 5, EV 105.0 MPH)
|
|
Batting: RHB Ben Welt
|
0-0: Swinging Strike 0-1: Ball 1-1: Foul Ball, location: 2F 1-2: Foul Ball, location: 2F 1-2: Ground out U3 (Groundball, 3, EV 95.0 MPH)
|
|
Batting: RHB Slavik Nebrodov
|
0-0: Foul Ball, location: 2F 0-1: Ball 1-1: Ball 2-1: Swinging Strike 2-2: Foul Ball, location: 2F 2-2: Foul Ball, location: 2F 2-2: Foul Ball, location: 2F 2-2: Ground out 6-3 (Groundball, 6, EV 77.5 MPH)
|
| Top of the 4th over - 0 runs, 0 hits, 0 errors, 0 left on base; Harrisburg 0 - Columbia 0 |
| BOTTOM OF THE 4TH |
|
Columbia Fireflies batting - Pitching for Harrisburg Senators : RHP Cory Jones
|
|
Batting: SHB Callum Lynch
|
0-0: Called Strike 0-1: Ball 1-1: Ball 2-1: Foul Ball, location: 2F 2-2: Foul Ball, location: 2F 2-2: Ground out 5-3 (Groundball, 56, EV 82.5 MPH)
|
|
Batting: LHB Bayesa Mundhir
|
0-0: Called Strike 0-1: Ball 1-1: Foul Ball, location: 2F 1-2: Strikes out swinging
|
|
Batting: SHB Justin Wallace
|
0-0: Ball 1-0: Called Strike 1-1: Foul Ball, location: 2F 1-2: Strikes out swinging
|
| Bottom of the 4th over - 0 runs, 0 hits, 0 errors, 0 left on base; Harrisburg 0 - Columbia 0 |
| TOP OF THE 5TH |
|
Harrisburg Senators batting - Pitching for Columbia Fireflies : RHP Jason Vulich
|
|
Pitching: RHP Javier Perez
|
|
|
Batting: RHB Donovan Auclair
|
0-0: Ball 1-0: Foul Ball, location: 2F 1-1: Ball 2-1: Foul Ball, location: 2F 2-2: Ball 3-2: Foul Ball, location: 2F 3-2: Strikes out swinging
|
|
Batting: LHB Nate Melendez
|
0-0: Called Strike 0-1: Ball 1-1: Called Strike 1-2: Ball 2-2: Foul Ball, location: 2F 2-2: DOUBLE (Line Drive, 7LM, EV 106.9 MPH)
|
|
Batting: RHB John McNeill
|
0-0: Called Strike 0-1: Ball 1-1: Swinging Strike 1-2: Ball 2-2: Strikes out looking
|
|
Batting: RHB Josh Lykins
|
Balk! Nate Melendez to third 0-0: Swinging Strike 0-1: Swinging Strike 0-2: Ball 1-2: Ball 2-2: Strikes out swinging
|
| Top of the 5th over - 0 runs, 1 hit, 0 errors, 1 left on base; Harrisburg 0 - Columbia 0 |
| BOTTOM OF THE 5TH |
|
Columbia Fireflies batting - Pitching for Harrisburg Senators : RHP Cory Jones
|
|
Batting: LHB Tony Leyba
|
0-0: Called Strike 0-1: Called Strike 0-2: Ball 1-2: Strikes out swinging
|
|
Batting: RHB Artyom Shavkunov
|
0-0: Called Strike 0-1: Swinging Strike 0-2: Foul Ball, location: 2F 0-2: Foul Ball, location: 2F 0-2: Strikes out swinging, 2-3 out at first.
|
|
Batting: RHB Jake Geib
|
0-0: Swinging Strike 0-1: Swinging Strike 0-2: Ball 1-2: Foul Ball, location: 2F 1-2: Strikes out swinging
|
| Bottom of the 5th over - 0 runs, 0 hits, 0 errors, 0 left on base; Harrisburg 0 - Columbia 0 |
| TOP OF THE 6TH |
|
Harrisburg Senators batting - Pitching for Columbia Fireflies : RHP Javier Perez
|
|
Batting: SHB Dan Castaneda
|
0-0: SINGLE (Flyball, 78S, EV 93.8 MPH)
|
|
Batting: RHB Pat Drader
|
0-0: Called Strike Dan Castaneda steals 2nd base (no throw) 0-1: Called Strike 0-2: Fly out, F9 (Flyball, 9LM, EV 86.2 MPH)
|
|
Batting: RHB Hisayuki Akiyama
|
0-0: Ball 1-0: Foul Ball, location: 2F 1-1: Fly out, F5 (Flyball, 5D, EV 90.0 MPH)
|
|
Batting: RHB Ben Welt
|
0-0: Foul Ball, location: 2F 0-1: Swinging Strike 0-2: Foul Ball, location: 2F 0-2: Foul Ball, location: 2F 0-2: Reached on error, E6 (Groundball, 6, EV 82.5 MPH) Dan Castaneda scores
|
|
Batting: RHB Slavik Nebrodov
|
0-0: Ball 1-0: Ball 2-0: Called Strike 2-1: Called Strike 2-2: Ball 3-2: Base on Balls
|
|
Batting: RHB Donovan Auclair
|
0-0: Ball 1-0: Fly out, F9 (Flyball, 89S, EV 81.9 MPH)
|
| Top of the 6th over - 1 run, 1 hit, 1 error, 2 left on base; Harrisburg 1 - Columbia 0 |
| BOTTOM OF THE 6TH |
|
Columbia Fireflies batting - Pitching for Harrisburg Senators : RHP Cory Jones
|
|
Batting: RHB Dan Muse
|
0-0: Ball 1-0: Ball 2-0: Called Strike 2-1: Foul Ball, location: 2F 2-2: Strikes out swinging
|
|
Batting: RHB Frank Shaw
|
0-0: Called Strike 0-1: DOUBLE (Flyball, 8RD, EV 101.2 MPH)
|
|
Batting: RHB Zhao-ying Joe
|
0-0: Ball 1-0: Swinging Strike 1-1: Ground out 6-3 (Groundball, 6, EV 99.4 MPH)
|
|
Batting: SHB Callum Lynch
|
0-0: Foul Ball, location: 2F 0-1: Ball 1-1: Swinging Strike 1-2: Hit by Pitch
|
|
Batting: LHB Bayesa Mundhir
|
0-0: Ball 1-0: Ball 2-0: Foul Ball, location: 2F 2-1: Foul Ball, location: 2F 2-2: Strikes out swinging
|
| Bottom of the 6th over - 0 runs, 1 hit, 0 errors, 2 left on base; Harrisburg 1 - Columbia 0 |
| TOP OF THE 7TH |
|
Harrisburg Senators batting - Pitching for Columbia Fireflies : RHP Javier Perez
|
|
Pitching: RHP Andy Reinhardt
|
|
|
Batting: LHB Nate Melendez
|
0-0: Ball 1-0: Called Strike 1-1: Foul Ball, location: 2F 1-2: Strikes out looking
|
|
Batting: RHB John McNeill
|
0-0: Ball 1-0: Ball 2-0: Swinging Strike 2-1: Ground out 4-3 (Groundball, 4, EV 98.1 MPH)
|
|
Batting: RHB Josh Lykins
|
0-0: Called Strike 0-1: DOUBLE (Groundball, 5L, EV 93.8 MPH)
|
|
Batting: SHB Dan Castaneda
|
0-0: Ball 1-0: Ball 2-0: Swinging Strike 2-1: Ball 3-1: Fly out, F8 (Flyball, 8LD, EV 95.0 MPH)
|
| Top of the 7th over - 0 runs, 1 hit, 0 errors, 1 left on base; Harrisburg 1 - Columbia 0 |
| BOTTOM OF THE 7TH |
|
Columbia Fireflies batting - Pitching for Harrisburg Senators : RHP Cory Jones
|
|
Batting: SHB Justin Wallace
|
0-0: Ball 1-0: SINGLE (Groundball, 4D, EV 102.5 MPH)
|
|
Batting: LHB Tony Leyba
|
0-0: Ball 1-0: Fielders Choice at 2nd, 6-4 (Groundball, 6, EV 96.2 MPH)
|
|
Batting: RHB Artyom Shavkunov
|
0-0: Ball 1-0: Ball 2-0: Fielders Choice at 2nd, 6-4 (Groundball, 56, EV 108.8 MPH)
|
|
Batting: RHB Jake Geib
|
0-0: Foul Ball, location: 2F 0-1: Called Strike 0-2: Ball 1-2: Strikes out swinging
|
| Bottom of the 7th over - 0 runs, 1 hit, 0 errors, 1 left on base; Harrisburg 1 - Columbia 0 |
| TOP OF THE 8TH |
|
Harrisburg Senators batting - Pitching for Columbia Fireflies : RHP Andy Reinhardt
|
|
Batting: RHB Pat Drader
|
0-0: Ball 1-0: Called Strike 1-1: Ground out 5-3 (Groundball, 5, EV 105.6 MPH)
|
|
Batting: RHB Hisayuki Akiyama
|
0-0: Called Strike 0-1: Ball 1-1: Foul Ball, location: 2F 1-2: Foul Ball, location: 2F 1-2: Ball 2-2: Ball 3-2: Base on Balls
|
|
Batting: RHB Ben Welt
|
0-0: Ball Hisayuki Akiyama steals 2nd base (no throw) 1-0: Foul Ball, location: 2F 1-1: Fly out, F3 (Popup, 3F, EV 60.0 MPH)
|
|
Batting: RHB Slavik Nebrodov
|
0-0: Called Strike 0-1: Ball 1-1: SINGLE (Groundball, 6M, EV 82.5 MPH) (infield hit) Hisayuki Akiyama to third
|
|
Batting: RHB Donovan Auclair
|
0-0: SINGLE (Groundball, 56, EV 98.8 MPH) Hisayuki Akiyama scores Slavik Nebrodov to second
|
|
Batting: LHB Nate Melendez
|
0-0: Called Strike 0-1: Fly out, F9 (Line Drive, 9D, EV 92.5 MPH)
|
| Top of the 8th over - 1 run, 2 hits, 0 errors, 2 left on base; Harrisburg 2 - Columbia 0 |
| BOTTOM OF THE 8TH |
|
Columbia Fireflies batting - Pitching for Harrisburg Senators : RHP Cory Jones
|
|
Pitching: RHP Chris Close
|
|
|
Batting: RHB Dan Muse
|
0-0: Swinging Strike 0-1: Ball 1-1: Ball 2-1: Ball 3-1: Fly out, F9 (Flyball, 9, EV 88.8 MPH)
|
|
Batting: RHB Frank Shaw
|
0-0: Ball 1-0: Called Strike 1-1: Ball 2-1: Called Strike 2-2: Foul Ball, location: 2F 2-2: Strikes out swinging
|
|
Batting: RHB Zhao-ying Joe
|
0-0: Called Strike 0-1: Swinging Strike 0-2: Ball 1-2: Ball 2-2: Ball 3-2: Strikes out looking
|
| Bottom of the 8th over - 0 runs, 0 hits, 0 errors, 0 left on base; Harrisburg 2 - Columbia 0 |
| TOP OF THE 9TH |
|
Harrisburg Senators batting - Pitching for Columbia Fireflies : RHP Andy Reinhardt
|
|
Pitching: RHP Casey Cuomo
|
|
|
Batting: RHB John McNeill
|
0-0: Called Strike 0-1: Ball 1-1: Ball 2-1: Foul Ball, location: 2F 2-2: Strikes out looking
|
|
Batting: RHB Josh Lykins
|
0-0: Ball 1-0: Fly out, F7 (Flyball, 78M, EV 81.9 MPH)
|
|
Batting: SHB Dan Castaneda
|
0-0: Called Strike 0-1: Ball 1-1: Foul Ball, location: 2F 1-2: Ball 2-2: Foul Ball, location: 2F 2-2: Ball 3-2: Base on Balls
|
|
Batting: RHB Pat Drader
|
0-0: Called Strike Dan Castaneda steals 2nd base 0-1: Ball 1-1: Called Strike 1-2: Ball 2-2: Foul Ball, location: 2F 2-2: Foul Ball, location: 2F 2-2: Foul Ball, location: 2F 2-2: Fly out, F8 (Flyball, 89M, EV 83.8 MPH)
|
| Top of the 9th over - 0 runs, 0 hits, 0 errors, 1 left on base; Harrisburg 2 - Columbia 0 |
| BOTTOM OF THE 9TH |
|
Columbia Fireflies batting - Pitching for Harrisburg Senators : RHP Chris Close
|
|
Pitching: LHP Kerry Baty
|
|
|
Batting: SHB Callum Lynch
|
0-0: Fly out, F8 (Flyball, 8LM, EV 89.4 MPH)
|
|
Batting: LHB Bayesa Mundhir
|
0-0: Called Strike 0-1: Foul Ball, location: 2F 0-2: Strikes out swinging
|
|
Batting: SHB Justin Wallace
|
0-0: Ball 1-0: Ball 2-0: Called Strike 2-1: Foul Ball, location: 2F 2-2: Reached on error, E6 (Groundball, 56, EV 87.5 MPH)
|
|
Batting: LHB Tony Leyba
|
0-0: Called Strike 0-1: Ball 1-1: Ball 2-1: Fly out, F9 (Flyball, 9, EV 84.4 MPH)
|
| Bottom of the 9th over - 0 runs, 0 hits, 1 error, 1 left on base; Harrisburg 2 - Columbia 0 |
|